AoeStats
← 根本赢不了

Arena

510283900Analyzed
4v4 RM · 23h ago on Sep 30, 2026· 41m 1s· 8 players
Game mode
Random Map
Map size
Large (8 player)
Population
200
Speed
Normal
Resources
Standard
Victory
Conquest
Starting age
Dark Age
Ending age
Imperial Age
RankedLock teamsTeams togetherTeam positionsShared explorationLock speedFull tech treeHidden civsTurbo modeCheats
Victory
Defeat
🇨🇳 Portuguese · China
1193
+16
🇹🇼 Persians · Taiwan
1169
+17
🇨🇳 Varangians · China
1152
+49
🇹🇼 Danes · Taiwan
1149
+17
🇻🇳 Saracens · Vietnam
1208
-18
🇪🇸 Spanish · Spain
1194
-17
🇨🇳 Spanish · China
1185
-17
🇮🇳 Saxons · India
1174
-16
根本赢不了
9:58 Feudal Age
10:05 Feudal Age
13:55 Castle Age
13:02 Double-Bit Axe
12:58 Horse Collar
15:17 Bow Saw
23:42 Gold Mining
23:42 Stone Mining
27:05 Heavy Plow
30:16 Imperial Age
28:05 Scale Barding Armor
28:10 Forging
28:03 Treadmill Crane
29:27 Wheelbarrow
28:37 Town Watch
28:38 Loom
30:05 Chain Barding Armor
30:20 Iron Casting
30:00 Stone Mining
30:30 Bloodlines
30:20 Husbandry
31:20 Hand Cart
31:47 Plate Barding Armor
32:20 Stone Shaft Mining
32:26 Conscription
31:26 Elite Jarl
33:08 Blast Furnace
33:20 Two-Man Saw
33:15 Crop Rotation
33:16 Guilds
33:06 Fletching
35:06 Chemistry
34:01 Murder Holes
34:15 Siege Engineers
35:11 Chemistry
34:32 Bodkin Arrow
35:07 Bracer
34:31 Light Cavalry
37:06 Murder Holes
37:32 Ballistics
37:22 Masonry
37:46 Vendel Legacy
41:38 Scale Mail Armor
xoxodniw
12:01 Feudal Age
15:51 Castle Age
13:49 Double-Bit Axe
13:55 Horse Collar
14:33 Gold Mining
16:12 Wheelbarrow
16:56 Bow Saw
17:57 Fletching
18:11 Loom
28:08 Heavy Plow
28:33 Stone Mining
31:12 Gold Shaft Mining
30:46 Bodkin Arrow
32:28 Hand Cart
35:46 Imperial Age
34:10 Forging
34:06 Scale Barding Armor
35:28 Iron Casting
35:51 Chain Barding Armor
39:37 Crop Rotation
41:27 Blast Furnace
41:46 Plate Barding Armor
42:07 Stone Shaft Mining
LocalMomsHelper
10:20 Feudal Age
12:22 Double-Bit Axe
15:05 Castle Age
12:48 Horse Collar
16:27 Bow Saw
19:44 Heavy Plow
21:04 Loom
23:24 Wheelbarrow
22:35 Town Watch
25:26 Hand Cart
25:11 Town Patrol
26:32 Gold Mining
31:14 Imperial Age
29:36 Scale Mail Armor
29:46 Forging
29:54 Masonry
29:24 Pikeman
30:05 Squires
31:21 Halberdier
32:17 Chain Mail Armor
32:37 Iron Casting
31:32 Onager
34:54 Plate Mail Armor
35:24 Blast Furnace
35:37 Siege Onager
39:37 Northmen's Fury
relax
11:05 Feudal Age
9:34 Loom
14:54 Castle Age
13:05 Double-Bit Axe
15:45 Wheelbarrow
16:39 Fletching
16:28 Elite Skirmisher
17:07 Fletching
21:15 Padded Archer Armor
22:36 Bodkin Arrow
23:46 Leather Archer Armor
23:56 Ballistics
24:24 Bow Saw
27:10 Gold Mining
27:43 Hand Cart
28:05 Thumb Ring
30:30 Stone Mining
33:12 Imperial Age
31:42 Stone Shaft Mining
31:41 Scale Mail Armor
31:43 Horse Collar
32:25 Heavy Plow
32:52 Man-at-Arms
33:19 Gambesons
33:51 Chain Mail Armor
33:48 Forging
35:11 Chemistry
35:25 Two-Man Saw
35:25 Conscription
35:18 Bracer
35:49 Ring Archer Armor
35:07 Long Swordsman
36:22 Plate Mail Armor
36:08 Town Watch
37:02 Crop Rotation
36:10 Two-Handed Swordsman
37:27 Arson
37:34 Champion
39:32 Iron Casting
39:07 Treadmill Crane
39:30 Onager
39:33 Pikeman
41:28 Blast Furnace
41:18 Arquebus
41:26 Scale Barding Armor
41:43 Bloodlines
41:33 Husbandry
F5B01
10:28 Feudal Age
11:16 Loom
15:39 Castle Age
14:04 Double-Bit Axe
15:08 Horse Collar
22:46 Wheelbarrow
22:43 Padded Archer Armor
24:00 Heavy Plow
25:36 Gold Mining
25:37 Stone Mining
25:59 Bow Saw
26:51 Hand Cart
26:57 Leather Archer Armor
31:48 Imperial Age
33:23 Conscription
34:14 Bloodlines
34:05 Husbandry
37:00 Chemistry
halong1301
10:59 Feudal Age
15:06 Castle Age
13:07 Horse Collar
13:33 Double-Bit Axe
16:37 Bow Saw
16:50 Heavy Plow
19:35 Loom
19:44 Stone Mining
19:51 Gold Mining
22:48 Gold Shaft Mining
23:41 Wheelbarrow
25:22 Husbandry
25:33 Bloodlines
26:02 Scale Barding Armor
30:05 Imperial Age
29:00 Chain Barding Armor
28:51 Forging
28:11 Light Cavalry
30:57 Elite Mameluke
32:13 Plate Barding Armor
32:14 Iron Casting
31:49 Hussar
36:00 Blast Furnace
K.T.
0:26 Loom
10:52 Feudal Age
15:10 Castle Age
13:43 Horse Collar
14:14 Double-Bit Axe
20:46 Wheelbarrow
20:47 Town Watch
22:07 Heavy Plow
22:56 Gold Mining
23:03 Stone Mining
24:03 Scale Mail Armor
25:34 Chain Mail Armor
25:29 Forging
27:29 Bow Saw
32:07 Imperial Age
31:40 Pikeman
32:21 Squires
32:08 Arson
33:00 Iron Casting
33:03 Hand Cart
32:48 Town Patrol
32:29 Shield Wall
34:23 Plate Mail Armor
34:37 Crop Rotation
34:49 Gold Shaft Mining
35:19 Conscription
35:43 Fletching
35:53 Padded Archer Armor
35:41 Halberdier
935800082
10:27 Feudal Age
10:57 Feudal Age
15:23 Castle Age
14:10 Loom
15:22 Double-Bit Axe
17:51 Horse Collar
34:45 Imperial Age
33:37 Wheelbarrow
34:22 Bow Saw
34:34 Fervor
35:25 Redemption
40:49 Illumination
40:42 Block Printing
41:08 Theocracy
Connection lost

Rejoining the realm…

Still unreachable

The connection could not be restored.

Session expired

The server has moved on; the page needs a fresh start.